 Dungeon Crawl Stone Soup version 0.19-a0-1886-gd64a0f0 (webtiles) character file.

492 KarmaPolice the Vandal (level 7, 0/46 HPs)
             Began as a Halfling Hunter on Oct 15, 2016.
             Succumbed to Duvessa's poison
             ... on level 5 of the Dungeon on Oct 16, 2016.
             The game lasted 00:18:20 (6742 turns).

KarmaPolice the Vandal (Halfling Hunter)            Turns: 6742, Time: 00:18:21

Health: 0/46       AC:  6    Str: 13 (14) XL:     7   Next: 37%
Magic:  2/7        EV: 14    Int:  8 (9)  God:
Gold:   286        SH:  0    Dex: 15 (16) Spells: 0 memorised, 6 levels left

rFire  + . .     SeeInvis .     a - +1 hunting sling
rCold  . . .     Gourm    .     s - +2 leather armour {rF+}
rNeg   . . .     Faith    .     (shield restricted)
rPois  .         Spirit   +     y - +0 helmet
rElec  .         Dismiss  .     (no cloak)
rCorr  .         Reflect  .     (no gloves)
MR     .....     Harm     .     (no boots)
Stlth  ++++......               h - amulet of guardian spirit
                                k - ring of stealth
                                (no ring)

@: lethally poisoned (0 -> -28)
A: mutation resistance 1
a: no special abilities


You were on level 5 of the Dungeon.
You were not hungry.

You visited 1 branch of the dungeon, and saw 5 of its levels.

You collected 286 gold pieces.

Inventory:

Hand Weapons
 a - a +1 hunting sling (weapon)
 b - a +0 short sword
Missiles
 d - 61 sling bullets (quivered)
 e - 189 stones
Armour
 s - a +2 leather armour of fire resistance (worn)
 y - a +0 helmet (worn)
Jewellery
 h - an amulet of guardian spirit (around neck)
 k - a ring of stealth (right hand)
Wands
 A - a wand of lightning (1/15)
Scrolls
 g - 3 scrolls of remove curse
 i - a scroll of fog
 m - a scroll of recharging {unknown}
 o - 8 scrolls of identify {unknown}
 z - a scroll of teleportation {unknown}
 D - a scroll of random uselessness {unknown}
Potions
 p - a potion of mutation {unknown}
 t - a potion of heal wounds {unknown}
 u - 2 potions of might
 w - a potion of curing {unknown}
 x - 2 potions of degeneration
Books
 B - a book of Misfortune

   Spells                             Type                      Level
   a - Confusing Touch                Hexes                        1
   b - Confuse                        Hexes                        3
   c - Gell's Gravitas                Hexes/Translocation          3
   d - Petrify                        Transmutation/Earth          4
   e - Metabolic Englaciation         Hexes/Ice                    5
   f - Yara's Violent Unravelling     Hexes/Transmutation          5
Comestibles
 f - 5 bread rations
 n - a slice of pizza
 q - 3 beef jerkies
 r - 5 fruits
 C - 2 meat rations


   Skills:
 + Level 3.5 Fighting
 + Level 4.2 Short Blades
 + Level 7.9 Slings
 - Level 2.1 Dodging
 + Level 4.3 Stealth


You had 6 spell levels left.
You didn't know any spells.

Dungeon Overview and Level Annotations

Branches:
Dungeon (5/15)
 Temple: D:4-7

Altars:

Shops:
D:4 *

Annotations:
D:5 Dowan, Duvessa


Innate Abilities, Weirdness & Mutations

You are small and have problems with some larger weapons.
You are somewhat resistant to further mutation.


Message History

* * * LOW HITPOINT WARNING * * *
You feel very sick.
You hear an angry hiss.
Duvessa hits you with a short sword of venom.
* * * LOW HITPOINT WARNING * * *
You are more poisoned.
Okay, then.
As you read the scroll of fear, it crumbles to dust.
You assume a fearsome visage.
Duvessa looks frightened!
Dowan looks frightened!
* * * LOW HITPOINT WARNING * * *
You feel sick.
Dowan gestures wildly while chanting.
Dowan blinks!
Unknown command.
* * * LOW HITPOINT WARNING * * *
You feel very sick.
It was a potion of degeneration.
There was something very wrong with that liquid.
You feel weakened.
You feel dopey.
You feel clumsy.
You die...

#.....#.#.######.##.######
#..##............##.......
#.^.....<.....(.....#
#.....(############.#
##......# ###.######
........# ##.#).....#
.#...(..###### #....####.#
#.#.((...e...# ##.###
##.#e#######@# #.# #.#.
#.# #<# # #. #.# #.# #.#
#.# ######.#####.#
..............#
#######.####### #.# ..#


You could see Duvessa (fleeing).

Vanquished Creatures
  2 ogres (D:4)
  3 orc wizards
  2 worker ants (D:4)
  Robin (D:4)
  5 adders
  2 oozes
  An adder skeleton (D:4)
  2 worms
  5 dart slugs
  6 leopard geckos
  8 orcs
  2 giant cockroaches
  18 goblins
  9 hobgoblins
  9 jackals
  A quokka (D:3)
  9 bats
  6 frilled lizards
  6 kobolds
  13 rats
110 creatures vanquished.

Notes
Turn   | Place    | Note
-------+----------+-------------------------------------------
     0 | D:1      | KarmaPolice the Halfling Hunter began the quest for the Orb.
     0 | D:1      | Reached XP level 1. HP: 14/14 MP: 1/1
    38 | D:1      | Reached skill level 6 in Slings
    41 | D:1      | Reached XP level 2. HP: 4/19 MP: 2/2
  1048 | D:1      | Reached XP level 3. HP: 24/24 MP: 3/3
  1231 | D:1      | Reached skill level 1 in Short Blades
  1941 | D:2      | Reached XP level 4. HP: 29/29 MP: 4/4
  1952 | D:2      | Found a faded altar of an unknown god.
  2890 | D:3      | Reached XP level 5. HP: 17/35 MP: 5/5
  4572 | D:4      | Noticed an ogre
  4748 | D:4      | Reached skill level 7 in Slings
  4867 | D:4      | Reached XP level 6. HP: 37/41 MP: 6/6
  4916 | D:4      | Noticed Robin
  4935 | D:4      | Killed Robin
  5077 | D:4      | Noticed an ogre
  5475 | D:3      | HP: 2/42 [something/magic dart (6)]
  5924 | D:4      | Found Ecruylich's General Store.
  6191 | D:4      | Killed an ogre
  6191 | D:4      | Reached XP level 7. HP: 46/46 MP: 7/7
  6581 | D:5      | Entered Level 5 of the Dungeon
  6613 | D:5      | Noticed Duvessa
  6613 | D:5      | Noticed Dowan
  6741 | D:5      | HP: 2/46 [poisoned by Duvessa]
  6742 | D:5      | Succumbed to Duvessa's poison

Vault maps used:
D:1:      lightli_arrival_noodles, hangedman_abyss_or_decor_lesser_grid,
          minivault_5, minmay_misc_feat_enclosed
D:2:      ecumenical_altar_1
D:3:      wad_river_or_something
D:4:      kennysheep_goblin_castle, serial_shops,
          nicolae_shop_competitors_out_of_business, first_bread,
          minmay_crossroads
D:5:      uniq_duvessa, uniq_crazy_yiuf_cottage, uniq_sigmund,
          uniq_prince_ribbit1

Skill      XL: |  1  2  3  4  5  6  7 |
---------------+----------------------+-----
Slings         | 6 7 |  7.9
Fighting       | 2 3 |  3.5
Stealth        | 2 3 4 |  4.3
Short Blades   | 1 2 3 4 |  4.2
Dodging        | |  2.1

Action                   |  1- 3 |  4- 6 |  7- 9 || total
-------------------------+-------+-------+-------++-------
Melee: Short sword       |   111 |   182 |     3 ||   296
 Fire: Hunting sling     |     4 |   143 |    50 ||   197
Evoke: Wand              |       |       |     1 ||     1
  Use: Scroll            |       |       |     4 ||     4
       Potion            |       |       |     1 ||     1
 Stab: Sleeping          |     1 |     6 |       ||     7
  Eat: Chunk             |     3 |    12 |     2 ||    17
       Fruit             |       |     1 |       ||     1
Armor: Leather armour    |    29 |    44 |     6 ||    79
Dodge: Dodged            |    99 |   161 |    12 ||   272
